cohdb
Replays
Latest Replays
All Replays
Popular Replays
Top Player Replays
Match Explorer
How It Works
Community
CoH3 Stats
Reddit
Sign in to upload your games and track your stats! →
Sign in with Steam
Match 47400533
Unlisted
Match 47400533
Overview
Messages
Build Orders
End
Panzergrenadier Squad
Panzerpioneer Squad
Panzergrenadier Squad
Selects Italian Infantry
Construct Light Support Kompanie
Selects Defensive Operations
2.5-tonne Medical Truck
Fire Support Elements
Flakvierling Half-track
le.IG 18 Mechanized Group
Combat Half-tracks
Pak 38 Anti-tank Gun Team
Selects Prepared Positions
Construct Panzerarmee Kommand
Panzer III L Medium Tank
Selects Obice 305mm Barrage
Panzer III L Medium Tank
Panzer III L Medium Tank
Panzer III L Medium Tank
Obice 305mm Barrage
Panzerpioneer Squad
Panzerpioneer Squad
Selects Guastatori Squad
Selects Registered Artillery
Selects Towed Cannone da 105/28 Field Howitzer
Sweet Pussy Pauline
Erii
Trumpchick
Pumtin
K.O
Anchorage
Omar Kamel Rock
june.originals13
0
0
Comments
sign in to comment!
No comments posted yet!